[Event "Hungarian Youth-ch U14 2022"]
[Site "Eger"]
[Date "2022.07.28"]
[Round "6.3"]
[White "Bodrogi, Bendeguz"]
[Black "Turcsanyi, Vince Gergo"]
[Result "1-0"]
[ECO "A06"]
[WhiteElo "2170"]
[BlackElo "2117"]
[Annotator "TA"]
[PlyCount "73"]
[EventDate "2022.07.21"]
[EventType "tourn"]
[EventCountry "HUN"]
[SourceTitle "playchess.com"]
[Source "ChessBase"]
[SourceQuality "1"]
[TimeControl "40/5400+30:1800+30"]

1. Nf3 d5 2. g3 Nf6 3. Bg2 e6 4. O-O Be7 5. c4 O-O 6. d4 dxc4 7. Qc2 b6 {[%emt 0:00:53] E05: Open Catalan: 5 Nf3 Be7.} 8. Ne5 Qxd4 9. Bxa8 {[%emt 0:00:18] [#] Hoping for Qc3.} Qxe5 {[%emt 0:00:12] White is slightly better.} 10. Bf3 Ba6 11. Nc3 {[%emt 0:01:56] [#]} Nd5 $146 {[%emt 0:09:58] Prevents Bf4.} ({Predecessor:} 11... g5 12. Rd1 Nbd7 13. Be3 Nc5 14. b4 Ncd7 15. a3 Bc8 16. Ne4 Nxe4 17. Bxe4 f5 18. Bc6 Nb8 19. Bd4 Qd6 20. Bg2 b5 21. Bc5 {1-0 (21) Neukirchner,P (2306)-Kuipers,D (2095) Schwaebisch Gmuend 2019}) 12. Nxd5 $1 exd5 13. Bf4 Qe6 14. Rad1 $36 {[%emt 0:05:16][%mdl 2048] Black is under pressure.} Bb7 (14... c6 $1 $11) 15. b3 {[%emt 0:02:36] Strongly threatening bxc4.} g5 16. Bc1 {[%emt 0:07:48] And now bxc4 would win.} ({Don't play} 16. Bxc7 Na6 17. Bxb6 Nb4 $17) 16... cxb3 {[%emt 0:03:17] This move loses the game for Black.} ({Black should play} 16... b5 $14) 17. Qxc7 $18 Bc6 18. axb3 Nd7 19. Bb2 {[%emt 0:24:14] Inhibits Ne5.} a5 {[%emt 0:04:07] [#]} 20. Bg4 $1 f5 21. Bf3 Ba8 22. Rc1 ({Much less strong is} 22. Qc3 Bf6 23. Qd2 Bxb2) 22... Bd6 23. Qc3 Be5 {[%emt 0:00:14] Prevents Qg7+.} 24. Qd2 Bxb2 25. Qxb2 Ne5 26. Qd4 {[%emt 0:02:40] Black must now prevent Bg2.} f4 (26... Qf6 $142 27. Rfd1 (27. Bxd5+ Kh8 $16) 27... Nxf3+ 28. exf3 Qxd4 29. Rxd4 Rf6 30. Rc8+ Rf8) 27. Rcd1 (27. Rc7 $142) 27... Rd8 $2 (27... Nxf3+ {keeps fighting.} 28. exf3 Qf6) 28. gxf4 gxf4 29. Kh1 ({Weaker is} 29. Qxf4 Rf8 30. Qg5+ Kh8 $16) 29... Nxf3 (29... Qf6 30. Rc1 Kg7 31. Rc7+ Kh6) 30. exf3 Kf7 31. Rg1 {[%emt 0:00:40] White wants to mate with Qg7+.} Qf6 {[%emt 0:00:40] Against Qg7+} 32. Qd3 Rd7 33. Qxh7+ {[%emt 0:01:14] White mates.} Ke6 34. Qg8+ Ke7 35. Qxa8 Qc3 36. Rde1+ Kd6 37. Qf8+ {[%emt 0:00:05] Weighted Error Value: White=0.14 (very precise) /Black=0.49} 1-0

[Event "Hungarian Youth-ch U14 2022"]
[Site "Eger"]
[Date "2022.07.28"]
[Round "6.4"]
[White "Megyaszai, Balazs"]
[Black "Szakmary, Domonkos"]
[Result "1-0"]
[ECO "B07"]
[WhiteElo "1919"]
[BlackElo "1967"]
[Annotator "TA"]
[PlyCount "82"]
[EventDate "2022.07.21"]
[EventType "tourn"]
[EventCountry "HUN"]
[SourceTitle "playchess.com"]
[Source "ChessBase"]
[SourceQuality "1"]
[TimeControl "40/5400+30:1800+30"]

1. e4 d6 2. d4 Nf6 3. Nc3 Nbd7 4. Nf3 e5 5. Bc4 Be7 6. O-O c6 7. a4 Qc7 {[%emt 0:00:18] 7...h6 is a critical line.} 8. Bg5 {[%emt 0:08:09][%cal Bc1g5,Bg5h4,Bh4g3][%mdl 32] C41: Philidor Defence.} h6 9. Bh4 {[%emt 0:03:19] [#]} exd4 $146 ({Predecessor:} 9... O-O 10. a5 Re8 11. Re1 Rb8 12. d5 g5 13. Bg3 Nf8 14. Qd3 Ng6 15. Bb3 a6 {0-1 (64) Marzocchi,T (2222)-Tiraboschi,N (2277) Premium Chess Arena INT 2020}) 10. Qxd4 (10. Nxd4 $14 Ne5 11. Be2) 10... Ne5 $11 11. Be2 Bg4 (11... Ng6 $11) 12. Bg3 $14 Nfd7 (12... Nxf3+ $14 13. gxf3 Be6) 13. Qd1 ({White should play} 13. Nxe5 $1 $16 dxe5 14. Bxg4 exd4 15. Bxc7 dxc3 16. bxc3) 13... Bxf3 $11 14. Bxf3 O-O-O (14... a5 $11 {remains equal.}) 15. Be2 g5 16. b4 Bf6 17. Ra3 (17. b5 $16) 17... Nb6 ({Black should try} 17... h5 $14) 18. Rb3 {[%emt 0:03:32] aiming for b5.} Nbc4 {[%emt 0:12:50] [#]} (18... Kb8 $16) 19. Qc1 (19. b5 $1 $18 {[%cal Rb5c6] bxc6 is the strong threat.} Rd7 20. bxc6 bxc6 21. Bxc4 Nxc4 22. Qd3) 19... h5 (19... Kb8 $142) 20. Bxe5 $16 Nxe5 21. b5 {[%emt 0:00:14] Hoping for bxc6.} Rd7 (21... d5 $16) 22. bxc6 $18 bxc6 23. Qe3 (23. h4 $18) 23... Ng4 (23... Qa5 $16) 24. Bxg4 hxg4 25. g3 Re7 $2 (25... Qa5 26. Rfb1 Rc7) 26. Qe2 Bxc3 27. Rxc3 (27. Qa6+ $18 Kd7 28. Rb7) 27... f5 $2 {[%emt 0:02:54] This costs Black the game.} (27... Kb7 $16 28. Qxg4 (28. Qc4 Ka8 $16) 28... f6) 28. Qa6+ (28. Rb1 $142 {And now Qa6+ would win.} Kd7 29. Qa6 (29. Re3 Reh7 $11)) 28... Kd7 $2 (28... Qb7 29. Rxc6+ Kb8 30. exf5 Reh7) 29. Rb1 ({Not} 29. exf5 Qb6 30. Qc4 Reh7 $18) 29... Ke6 (29... Qc8 $18 30. Qxa7+ Ke6 31. exf5+ Kf6 32. Qd4+ Kxf5 33. Qxd6 Qe6 34. Qd3+ Qe4 35. Rc5+ Kg6 36. Rxc6+ Kh5) 30. Rxc6 Qd7 31. Rd1 {[%emt 0:01:08] Qc4+ would kill now.} Rd8 32. exf5+ Ke5 {[%emt 0:00:45] [#]} 33. f6 (33. Rd5+ $142 $3 Kf6 34. Rcxd6+ Qxd6 35. Rxd6+ Rxd6 36. Qxd6+ Kf7 37. Qg6+ Kf8 38. f6) 33... Re6 34. Rc3 $2 (34. f7) 34... Kxf6 35. Rcd3 Ke7 $2 (35... Qc7 36. Rd5 Qc3) 36. Qa5 Re5 $2 (36... Kf7 37. Qxg5 Rg6 38. Qd5+ Kg7) 37. Qxe5+ {[%emt 0:00:58] White is clearly winning.} dxe5 38. Rxd7+ Rxd7 39. Rxd7+ Kxd7 40. Kg2 Kc6 41. f3 Kd5 {Weighted Error Value: White=0.72/Black=1.06} 1-0

[Event "Hungarian Youth-ch U14 2022"]
[Site "Eger"]
[Date "2022.07.28"]
[Round "6.5"]
[White "Gergely, Daniel"]
[Black "Kolimar, Kristof Pal"]
[Result "1/2-1/2"]
[ECO "E90"]
[WhiteElo "2053"]
[BlackElo "2160"]
[Annotator "TA"]
[PlyCount "75"]
[EventDate "2022.07.21"]
[EventType "tourn"]
[EventCountry "HUN"]
[SourceTitle "playchess.com"]
[Source "ChessBase"]
[SourceQuality "1"]
[TimeControl "40/5400+30:1800+30"]

1. d4 Nf6 2. c4 g6 3. Nc3 Bg7 4. e4 d6 5. Nf3 O-O 6. h3 e5 7. dxe5 dxe5 8. Qxd8 Rxd8 9. Bg5 Re8 10. Nd5 Nxd5 11. cxd5 c6 12. Bc4 cxd5 13. Bxd5 Nc6 {[%emt 0:00:43] has lost popularity (13...Nd7).} 14. O-O-O {[%emt 0:00:54] E90: King's Indian: Classical: Early deviations and 6 h3.} Be6 15. Bxe6 Rxe6 16. Rd7 {[%emt 0:03:03] White has an edge.} f6 17. Be3 {[%emt 0:01:47] [#]} b6 $146 ({Predecessor:} 17... Re7 18. Rhd1 b6 19. Rxe7 Nxe7 20. Rd7 Rc8+ 21. Kb1 Nc6 22. a3 Bf8 23. b4 Ra8 {1-0 (41) Rausis,I (2514)-Karayiannis,C (2167) London 2012}) 18. Rhd1 Rae8 19. a3 R6e7 20. b4 Rxd7 21. Rxd7 Re7 22. Rxe7 Nxe7 $11 {[%emt 0:00:02][%mdl 4096] Endgame KBN-KBN} 23. Kc2 Nc8 24. a4 Kf7 25. Kb3 Ke6 26. Nd2 Bf8 27. Nc4 Kd7 28. b5 Nd6 29. Nxd6 Bxd6 $14 {[%emt 0:00:02] KB-KB} 30. a5 Bc7 31. Kc4 {[%emt 0:05:58] Threatens to win with axb6.} Ke6 32. g3 Bd8 33. a6 Bc7 34. f4 exf4 {The position is equal.} 35. gxf4 f5 36. exf5+ gxf5 (36... Kxf5 $2 37. Kd5 $18) 37. Bd4 Bb8 (37... Bxf4 $2 {[#]} 38. Bxb6 $1 Bb8 39. Bd4 $18) 38. Be3 {[%emt 0:02:19] Weighted Error Value: White=0.03 (flawless) /Black=0.03 (flawless)} 1/2-1/2

[Event "Hungarian Youth-ch U14 2022"]
[Site "Eger"]
[Date "2022.07.28"]
[Round "6.6"]
[White "Lazsadi, Kerka Lilla"]
[Black "Balazs, Sztella Anna"]
[Result "1-0"]
[ECO "A46"]
[WhiteElo "1674"]
[BlackElo "1663"]
[Annotator "NA RC COMBH"]
[PlyCount "95"]
[EventDate "2022.07.21"]
[EventType "tourn"]
[EventCountry "HUN"]
[SourceTitle "playchess.com"]
[Source "ChessBase"]
[SourceQuality "1"]
[TimeControl "40/5400+30:1800+30"]

1. d4 e6 2. Nf3 Nf6 3. Bg5 h6 4. Bh4 d5 5. e3 c5 6. c3 Be7 7. Bd3 O-O 8. O-O b6 9. Bc2 Ba6 10. Re1 Nbd7 11. Nbd2 Rc8 12. h3 Qc7 13. Rc1 Bd6 14. Bb1 g5 15. Nxg5 hxg5 16. Bxg5 Kg7 17. e4 dxe4 18. Nxe4 Nxe4 19. Rxe4 Rh8 20. Rg4 Kf8 21. d5 e5 22. Qf3 Ke8 23. Bf5 Be7 24. Bxe7 Kxe7 25. d6+ Qxd6 26. Rd1 Bb7 27. Qe2 Qf6 28. Rxd7+ Kf8 29. Rxb7 Qxf5 30. Rg3 e4 31. Qg4 Qxg4 32. Rxg4 Re8 33. Rf4 Rh7 34. Rxa7 e3 35. fxe3 Rxe3 36. Rb7 Re6 37. Kf2 Rg7 38. b4 cxb4 39. cxb4 Rc6 40. g4 Rc2+ 41. Kg3 Rxa2 42. Rxb6 Rh7 43. Rf3 Rb2 44. b5 Rb4 45. Rb7 Kg8 46. b6 Rg7 47. Rb8+ Kh7 48. Rf5 1-0

[Event "Hungarian Youth-ch U14 2022"]
[Site "Eger"]
[Date "2022.07.28"]
[Round "6.7"]
[White "Toth, Timea"]
[Black "Szarvas, Nora Orsolya"]
[Result "1/2-1/2"]
[ECO "B22"]
[WhiteElo "1964"]
[BlackElo "1692"]
[Annotator "TA"]
[PlyCount "103"]
[EventDate "2022.07.21"]
[EventType "tourn"]
[EventCountry "HUN"]
[SourceTitle "playchess.com"]
[Source "ChessBase"]
[SourceQuality "1"]
[TimeControl "40/5400+30:1800+30"]

1. e4 c5 2. c3 Nf6 3. e5 Nd5 4. d4 cxd4 5. Qxd4 e6 6. Bc4 Nc6 7. Qe4 Nb6 8. Bb3 d6 9. exd6 Bxd6 {[%emt 0:04:15] B22: Sicilian: 2 c3.} 10. Nf3 h6 11. O-O Qe7 {[%emt 0:09:26] White has an edge.} 12. Rd1 {[%emt 0:31:35] [#]} Bc7 $146 ({Predecessor:} 12... e5 13. Be3 Be6 14. Bxe6 Qxe6 15. Bxb6 axb6 16. b3 O-O 17. Nbd2 Bc7 18. Nc4 Rfd8 {0-1 (35) Zhestovskaya,A-Cherenkova,K (2191) Serpukhov 2003}) 13. Qh4 (13. Na3 $14) 13... Qxh4 $11 14. Nxh4 Bd7 15. Nf3 Rd8 16. Be3 Na5 17. Bc2 Nac4 18. Bxb6 Nxb6 19. b3 Ke7 20. Nbd2 Nd5 21. c4 Nf6 ({Better is} 21... Nb4 $17 22. Be4 Nc6) 22. Re1 Ba5 23. Re2 Bc6 24. h3 Rd7 25. a3 (25. Ne4 $15) 25... Bc3 $17 26. Rb1 (26. Rf1 $17) 26... Rhd8 $19 27. Ne4 Nxe4 28. Bxe4 Rd1+ 29. Rxd1 Rxd1+ 30. Kh2 Bxe4 31. Rxe4 {[%emt 0:00:06][%mdl 4096] Endgame KRB-KRN} Bb2 32. a4 Rd3 (32... Rc1 $142 33. Re3 Ba3) 33. Re3 $17 Rxe3 34. fxe3 $15 {[%emt 0:00:02] KB-KN} Bc1 35. e4 Kd6 36. b4 (36. Ne1 $1 $11) 36... Ba3 $1 $19 37. e5+ Kc7 38. Nd4 {[%emt 0:01:17] aiming for Nb5+.} Bxb4 {[%emt 0:04:44] And now ...Kb6 would win.} 39. Nb5+ $2 (39. Kg3) 39... Kb6 40. Kg3 f6 41. Kf4 Bd2+ 42. Ke4 a6 $2 (42... fxe5 $19 {White must now prevent ...Bb4.} 43. Kxe5 Kc5 44. Kxe6 Kxc4 45. Nxa7 Kb4) 43. Nd4 (43. exf6 $1 $15 gxf6 44. Nd4) 43... fxe5 $17 44. Nxe6 Ka5 45. Nc5 Kb6 ({Black should play} 45... Kb4 $1 $17 46. Kd5 Bg5) 46. Nd7+ (46. Ne6 $11 {and White has nothing to worry.}) 46... Kc6 $1 $19 47. Nxe5+ {[%emt 0:00:29] [#]} Kc5 $1 48. Kd3 {[%emt 0:01:26] [#]} Bg5 49. Nd7+ Kd6 50. Nb6 Kc5 (50... Kc6 $142 51. Nd5 Kc5) 51. Nd7+ Kd6 52. Nb6 $1 {[%emt 0:00:07] Weighted Error Value: White=0.40/Black=0.32} 1/2-1/2

[Event "Hungarian Youth-ch U14 2022"]
[Site "Eger"]
[Date "2022.07.28"]
[Round "6.8"]
[White "Kovacs, Reka"]
[Black "Eros, Vivien"]
[Result "1-0"]
[ECO "B19"]
[WhiteElo "1716"]
[BlackElo "1599"]
[Annotator "NA RC COMBH"]
[PlyCount "69"]
[EventDate "2022.07.21"]
[EventType "tourn"]
[EventCountry "HUN"]
[SourceTitle "playchess.com"]
[Source "ChessBase"]
[SourceQuality "1"]
[TimeControl "40/5400+30:1800+30"]

1. e4 c6 2. d4 d5 3. Nc3 dxe4 4. Nxe4 Bf5 5. Ng3 Bg6 6. h4 h6 7. Nf3 Nd7 8. h5 Bh7 9. Bd3 Bxd3 10. Qxd3 e6 11. Bd2 Qc7 12. O-O-O O-O-O 13. Ne4 Ngf6 14. g3 Nxe4 15. Qxe4 Nf6 16. Qe2 Bd6 17. Kb1 Nd7 18. c4 Rhe8 19. Bc3 c5 20. dxc5 Qxc5 21. Bxg7 Qf5+ 22. Ka1 Qg4 23. Bxh6 Ne5 24. Bf4 Bc7 25. Bxe5 Bxe5 26. Qxe5 Qxf3 27. Qc5+ Kb8 28. Rxd8+ Rxd8 29. Rb1 Ka8 30. Qg5 Rh8 31. h6 Qe4 32. Qg7 Qh7 33. Rd1 Qxg7 34. hxg7 Rg8 35. Rh1 1-0

[Event "Hungarian Youth-ch U14 2022"]
[Site "Eger"]
[Date "2022.07.28"]
[Round "6.9"]
[White "Nandin-Erdene, Davaademberel"]
[Black "Beznicza, Mira"]
[Result "1-0"]
[ECO "C11"]
[WhiteElo "1789"]
[BlackElo "1608"]
[Annotator "NA RC COMBH"]
[PlyCount "147"]
[EventDate "2022.07.21"]
[EventType "tourn"]
[EventCountry "HUN"]
[SourceTitle "playchess.com"]
[Source "ChessBase"]
[SourceQuality "1"]
[TimeControl "40/5400+30:1800+30"]

1. e4 e6 2. d4 d5 3. Nc3 Nf6 4. e5 Nfd7 5. f4 c5 6. Nf3 Nc6 7. Be3 a6 8. Qd2 b5 9. a3 Be7 10. dxc5 Nxc5 11. Qf2 Nb7 12. Bd3 f6 13. exf6 Bxf6 14. Nd4 Bd7 15. O-O O-O 16. Nxc6 Bxc6 17. Bd4 Qe7 18. Bxf6 Rxf6 19. Qh4 Qc5+ 20. Kh1 Rh6 21. Qg4 Rf8 22. Rf3 Rff6 23. Rg3 Qe7 24. Re1 Nc5 25. Re5 Nxd3 26. Rxd3 Qf7 27. Ne2 Rf5 28. Rxf5 exf5 29. Qg5 Re6 30. Ng1 Qe8 31. Rg3 Qf7 32. Qd8+ Re8 33. Qb6 Bb7 34. Re3 Rc8 35. Qd6 Re8 36. Re5 g6 37. Rxe8+ Qxe8 38. Nf3 d4 39. Ne5 Qc8 40. h3 Be4 41. Qxd4 Qa8 42. Qd2 Qd5 43. Qxd5+ Bxd5 44. Kg1 Kf8 45. Kf2 Ke7 46. g3 Kd6 47. Ke3 Bg2 48. h4 Be4 49. c4 bxc4 50. Nxc4+ Kc5 51. Ne5 Kd6 52. Kd4 Bd5 53. b4 Bb3 54. Nd3 Be6 55. Nc5 Bc8 56. a4 h6 57. b5 axb5 58. axb5 h5 59. Kc4 Kc7 60. Na4 Kd6 61. Nc3 Be6+ 62. Kb4 Kd7 63. Kc5 Kc7 64. b6+ Kb7 65. Nb5 Bd7 66. Nd6+ Kb8 67. Nf7 Be8 68. Nd8 Kc8 69. Kd6 Bb5 70. b7+ Kb8 71. Ke7 Ba6 72. Kf6 Bxb7 73. Nxb7 Kxb7 74. Kxg6 1-0

[Event "Hungarian Youth-ch U14 2022"]
[Site "Eger"]
[Date "2022.07.28"]
[Round "6.10"]
[White "Karacsonyi, Luca"]
[Black "Horvath, Greta"]
[Result "1-0"]
[ECO "C55"]
[WhiteElo "1789"]
[BlackElo "1346"]
[Annotator "NA RC COMBH"]
[PlyCount "65"]
[EventDate "2022.07.21"]
[EventType "tourn"]
[EventCountry "HUN"]
[SourceTitle "playchess.com"]
[Source "ChessBase"]
[SourceQuality "1"]
[TimeControl "40/5400+30:1800+30"]

1. e4 e5 2. Nf3 Nc6 3. Bc4 Nf6 4. d4 exd4 5. O-O Bc5 6. e5 d5 7. exf6 dxc4 8. fxg7 Rg8 9. Bg5 Qd6 10. Re1+ Be6 11. Nbd2 f5 12. Nxc4 Qd7 13. Qe2 Rxg7 14. Qxe6+ Qxe6 15. Rxe6+ Kd7 16. Re2 b5 17. Nce5+ Nxe5 18. Rxe5 Kd6 19. Bf4 Kc6 20. Rxf5 Re8 21. Re1 Rge7 22. Rxe7 Rxe7 23. Re5 Rd7 24. Rf5 Re7 25. Ne5+ Kb7 26. Rf7 Re6 27. Nd3 Rc6 28. Nxc5+ Rxc5 29. Rxh7 Rxc2 30. Rxc7+ Rxc7 31. Bxc7 Kxc7 32. Kf1 d3 33. Ke1 1-0

[Event "Hungarian Youth-ch U14 2022"]
[Site "Eger"]
[Date "2022.07.29"]
[Round "7.2"]
[White "Szakmary, Domonkos"]
[Black "Gergely, Daniel"]
[Result "1/2-1/2"]
[ECO "B36"]
[WhiteElo "1967"]
[BlackElo "2053"]
[Annotator "TA"]
[PlyCount "94"]
[EventDate "2022.07.21"]
[EventType "tourn"]
[EventCountry "HUN"]
[SourceTitle "playchess.com"]
[Source "ChessBase"]
[SourceQuality "1"]
[TimeControl "40/5400+30:1800+30"]

1. e4 c5 2. Nf3 Nc6 3. d4 cxd4 4. Nxd4 g6 5. c4 Nf6 6. Nc3 d6 7. Be2 Bg7 8. Be3 O-O 9. Qd2 Bd7 {[%emt 0:00:32] B38: Sicilian: Maroczy Bind with 5...Bg7 and 7...0-0.} 10. Nc2 (10. O-O $14 {feels stronger.}) 10... Rc8 11. Rc1 a6 {[%emt 0:02:00] The position is equal.} 12. f3 Ne5 13. b3 {[%emt 0:02:33] [#]} (13. Na3) (13. Na3 $1 $14 {was preferrable.}) 13... Rb8 $146 (13... b5) (13... b5 $1 $11 {keeps the balance.}) ({Predecessor:} 13... b5 14. Bd4 bxc4 15. Bxe5 cxb3 16. axb3 dxe5 17. Bxa6 Rb8 {½-½ (17) Nekrasov,M (2359)-Urytskyy,A (2176) Templin 2017}) 14. Nd4 Qa5 15. Nd5 Qxd2+ 16. Kxd2 Nxd5 17. cxd5 Rbc8 (17... e6) 18. h3 {[%emt 0:10:25] Hoping for f4.} f5 19. f4 Nf7 20. exf5 gxf5 21. g4 (21. Ne6 Rxc1 22. Rxc1) (21. Ne6 $142 Rxc1 22. Rxc1) 21... Nh8 (21... Rc5) (21... Rc5 $16 {was necessary.}) 22. Rxc8 (22. gxf5 Bxd4 23. Bxd4 Bxf5) (22. gxf5 Bxd4 23. Bxd4 Bxf5 $16) 22... Bxc8 23. Bd3 {[%emt 0:03:16] White is more active.} (23. Ne6 Bxe6 24. dxe6) (23. Ne6 $16 Bxe6 24. dxe6) 23... Bxd4 $14 (23... fxg4 24. hxg4 Ng6 25. Nf5) (23... fxg4 $2 24. hxg4 Ng6 25. Nf5 $16) 24. Bxd4 Ng6 25. Ke3 (25. Rf1) (25. Rf1 $1 $14) 25... fxg4 $11 26. Bxg6 hxg6 27. hxg4 Bxg4 {[%emt 0:00:08][%mdl 4096] Endgame KRB-KRB} 28. Rh8+ Kf7 29. Rxf8+ Kxf8 $15 {[%emt 0:00:08] KB-KB} 30. Bc3 Kf7 31. Kd4 Bf3 32. Be1 e6 33. Bb4 Ke7 34. dxe6 Kxe6 35. Bd2 b6 36. b4 b5 37. a3 Bc6 38. Be1 Kf5 39. Bd2 Kg4 40. Ke3 Bd5 41. Bc3 Bc4 42. Bf6 Kg3 43. Be7 {[%emt 0:01:48] Black has an edge.} d5 44. Bf6 Kg2 45. Bh4 Kh3 46. Bf6 Kg3 47. Bg5 Kg4 {[%emt 0:01:21] Weighted Error Value: White=0.16 (very precise) /Black=0.15 (very precise)} 1/2-1/2

[Event "Hungarian Youth-ch U14 2022"]
[Site "Eger"]
[Date "2022.07.29"]
[Round "7.3"]
[White "Turcsanyi, Vince Gergo"]
[Black "Megyaszai, Balazs"]
[Result "1/2-1/2"]
[ECO "B90"]
[WhiteElo "2117"]
[BlackElo "1919"]
[Annotator "TA"]
[PlyCount "125"]
[EventDate "2022.07.21"]
[EventType "tourn"]
[EventCountry "HUN"]
[SourceTitle "playchess.com"]
[Source "ChessBase"]
[SourceQuality "1"]
[TimeControl "40/5400+30:1800+30"]

1. e4 c5 2. Nf3 d6 3. d4 cxd4 4. Nxd4 Nf6 5. Nc3 a6 6. Be3 e5 7. Nb3 Be6 8. h3 {[%emt 0:00:16] B90: Sicilian Najdorf: Unusual White 6th moves, 6 Be3 Ng4 and 6 Be3 e5.} h5 (8... Be7 $11) 9. Qf3 Nbd7 10. O-O-O {[%emt 0:04:19] White has an edge.} b5 {[%emt 0:09:49] [#]} 11. Bd3 $146 ({Predecessor:} 11. Kb1 Qc7 12. Rg1 b4 13. Nd5 Bxd5 14. exd5 a5 15. g4 a4 16. Nd2 a3 17. g5 {1-0 (24) Ferreira,V (2123)-Rodchenkov,S (2346) Chess.com INT 2021}) 11... h4 12. Kb1 Rc8 13. Nd5 Bxd5 14. exd5 g6 15. g4 {[%emt 0:22:30] White is more active.} Be7 16. Qg2 Nb6 17. Bxb6 Qxb6 18. Rhf1 (18. f4) 18... Nd7 (18... O-O) 19. Nd2 (19. Rde1 $11) 19... O-O (19... Bg5) (19... Bg5 $1 $15) 20. Ne4 (20. g5) ({White should play} 20. g5 $14) 20... Nc5 (20... Qb7) (20... Qb7 $11) 21. g5 $1 $14 Nxe4 22. Bxe4 a5 23. Qg4 Rc4 24. f3 (24. Rde1 $11 Qd8 25. Rg1) 24... Qe3 ({Black should try} 24... a4 $15) 25. Rg1 (25. Qd7 $11 {remains equal.} Qxg5 26. Rg1) 25... a4 $1 $17 26. Qd7 $2 {[%emt 0:06:30] [#]} (26. Rge1 $17 Qc5 27. Qg1) 26... Bxg5 $4 (26... Rb4 $1 $19 {[%cal Oe3c3] Strongly threatening ...Qc3!} 27. Qc6 (27. Qxe7 $2 Qc3 $19) 27... a3) 27. Qxd6 $18 Kg7 28. Rge1 $2 {[%emt 0:02:22] [#]} ({White has to play} 28. Qxe5+ $18 Kh6 29. Rg4 (29. d6 Rc5 $16)) 28... Qf2 (28... Qa7 $1 $17) 29. Bd3 {[%emt 0:00:43] Really sharp!} (29. Qxe5+ $2 Bf6 30. Qd6 Rd8 $19) (29. Rg1 $5 Rd8 30. Qa6 $11 (30. Qxe5+ Bf6 $11)) 29... Rcc8 30. Qxe5+ Bf6 31. Qe3 Qh2 32. f4 (32. Re2 $5 Qxh3 33. Bxb5 $16) 32... Rfe8 $1 33. Qxe8 (33. Re2 $1 $11 Rxe3 34. Rxh2) 33... Rxe8 $19 34. Rxe8 Qxf4 (34... a3 $19 35. Be2 (35. bxa3 $2 Qxh3 36. Re4 Qc8 $19) (35. Bxb5 Qxh3 36. Ree1 Bxb2 $19) 35... Qxf4) 35. Re4 $1 $15 ({Wrong is} 35. Bxb5 $2 Qb4 36. c3 Bxc3 $19) 35... Qf5 36. d6 (36. Rg4 $15 Qxd5 37. a3) 36... Qd5 (36... Qxh3 $17 {[%cal Oa4a3] Threatens to win with ...a3!} 37. Rf4 Qd7) 37. Ree1 $2 (37. Rf4 $11 {and White stays safe.} Bg5 38. Rg4) 37... Qxd6 $19 38. c3 {[%emt 0:00:07][%cal Od3g6] Prevents Qb4.} Qc5 $2 (38... Qh2 $19 {has better winning chances. White must now prevent ...a3.} 39. Rh1 Qe5) 39. a3 $17 Qc8 40. Re3 Qc5 41. Rf3 (41. Ree1 $1 $11) 41... Bg5 42. Bc2 (42. Bf1 $11 {keeps the balance.}) 42... f5 (42... Qc6 $5 43. Rff1 f5 $17) 43. Rfd3 Qf2 44. Rd7+ Kh6 $1 45. R7d5 ({Better is} 45. Bd3 $15) 45... Qg3 (45... Qh2 $19 46. Rxb5 Qxh3 47. Bxa4 Qf3) 46. Rxb5 (46. Rh1 $17 {was the only defense.}) 46... Qxh3 $19 {[%emt 0:02:18] aiming for ...Qg4.} 47. Re5 (47. Rbd5 $142) 47... Qg4 {[%emt 0:02:22] Hoping for ...h3.} 48. Ree1 h3 49. Rg1 Qh4 50. Rd4 (50. Rd3 $142) 50... Qf2 51. Rh1 Qg2 52. Rdd1 h2 {[%emt 0:00:25] Inhibits Rdg1.} 53. Bxa4 Be3 54. Bb3 Bg1 55. Bd5 Qf2 56. Rc1 Qe3 57. c4 f4 {[%emt 0:00:43] ...g5 is the strong threat.} 58. c5 (58. Rc3 $142 Qe5 59. Rh3+ Kg7 60. R3xh2 Bxh2 61. Rxh2) 58... Qd3+ 59. Ka1 {[%emt 0:00:04] [#]} Qxd5 $2 (59... Kg7 $1 $19 {and Black stays clearly on top.} 60. Bb7 f3) 60. Rcxg1 $17 Qxc5 61. Rxh2+ Kg7 62. Rhg2 Qf5 {[%emt 0:00:18][%mdl 1024] Black has strong compensation.} 63. a4 $2 {[%emt 0:00:44][%mdl 32768] Weighted Error Value: White=0.49/Black=0.39. An unexpected result.} (63. Rg5 $17 Qe4 64. R5g2) 1/2-1/2

[Event "Hungarian Youth-ch U14 2022"]
[Site "Eger"]
[Date "2022.07.29"]
[Round "7.4"]
[White "Matyassy, Lazar"]
[Black "Bodrogi, Bendeguz"]
[Result "1/2-1/2"]
[ECO "B31"]
[WhiteElo "2132"]
[BlackElo "2170"]
[Annotator "TA"]
[PlyCount "45"]
[EventDate "2022.07.21"]
[EventType "tourn"]
[EventCountry "HUN"]
[SourceTitle "playchess.com"]
[Source "ChessBase"]
[SourceQuality "1"]
[TimeControl "40/5400+30:1800+30"]

1. e4 c5 2. Nf3 Nc6 3. Bb5 g6 4. O-O Bg7 5. Re1 e5 6. Bxc6 dxc6 7. d3 Qc7 8. Be3 {[%emt 0:01:30] B31: Sicilian: 2...Nc6 3 Bb5 g6.} b6 9. a3 a5 10. Nbd2 Ne7 11. Nc4 Be6 {[%emt 0:16:09] [#]} 12. Ng5 $146 (12. b4 $5) ({Predecessor:} 12. b4 Bxc4 13. dxc4 axb4 14. axb4 Rxa1 15. Qb1 Rxb1 {0-1 (15) Maze,S (2546)-Harsha,B (2509) Chess.com INT 2021}) 12... Bxc4 13. dxc4 O-O 14. a4 h6 15. Nf3 Rad8 16. Qe2 Rd7 17. Bd2 Rfd8 18. Bc3 Qd6 19. Rad1 Qxd1 20. Rxd1 Rxd1+ 21. Ne1 g5 22. g3 {[%emt 0:01:24][%mdl 1024] White has compensation.} Ng6 23. Kg2 {[%emt 0:02:53] Weighted Error Value: White=0.08 (flawless) /Black=0.11 (very precise)} 1/2-1/2